[ AOE2 MATCH · #506043430 ]
UnrankedBohemians vs Teutons
Player's team · LOSS
Rival team · WIN
[ REPLAY ANALYSIS · EXTRACTED FROM THE RECORDED GAME ]
Feudal
9:55
Castle
—
Imperial
—
| APM avg | 52.2 |
| APM peak | 91 |
| eAPM avg | 22.2 |
| Villagers / military | 43 / 0 |
Focus
⚔️ 41.9% · 🌾 58.1%
Feudal
8:26
Castle
—
Imperial
—
| APM avg | 40.7 |
| APM peak | 92 |
| eAPM avg | 19.6 |
| Villagers / military | 49 / 0 |
Focus
⚔️ 27.8% · 🌾 72.2%
Match map
Initial resources + every placement click. Lines = walls · curves = elevation contours. ◆ gold · ⬟ stone · ● berries · ✦ relic · ◌ wall gap
Your base· ✓ Closed at 12:00 · 21t walls · 3 gate(s)
TE MS MOE's base· ✓ Closed at 12:00 · 0t walls · 2 gate(s)
Smoothed initial terrain · ◌ = detected wall gap · hover for details
Inputs per minute
— ram0ff - - TE MS MOE
Build order — ram0ff
84 actions detected in the replay
| 0:07 | Queue | Villager (Male) |
| 0:07 | Queue | Villager (Male) |
| 0:07 | Queue | Villager (Male) |
| 0:08 | Queue | Villager (Male) |
| 0:09 | Build | House |
| 0:10 | Build | House |
| 1:48 | Queue | Villager (Male) |
| 1:49 | Queue | Villager (Male) |
| 1:56 | Build | Lumber Camp |
| 2:12 | Queue | Villager (Male) |
| 2:12 | Queue | Villager (Male) |
| 2:22 | Queue | Villager (Male) |
| 2:22 | Queue | Villager (Male) |
| 2:57 | Queue | Villager (Male) |
| 2:57 | Queue | Villager (Male) |
| 3:31 | Queue | Villager (Male) |
| 3:31 | Queue | Villager (Male) |
| 3:31 | Queue | Villager (Male) |
| 3:35 | Build | House |
| 3:41 | Build | Palisade Gate |
| 3:53 | Build | Palisade Wall |
| 3:56 | Build | Palisade Wall |
| 3:59 | Build | Palisade Wall |
| 4:03 | Queue | Villager (Male) |
| 4:03 | Queue | Villager (Male) |
| 4:32 | Queue | Villager (Male) |
| 4:32 | Queue | Villager (Male) |
| 4:40 | Build | Palisade Wall |
| 4:41 | Build | Palisade Wall |
| 4:42 | Build | Palisade Wall |
| 4:42 | Build | Palisade Wall |
| 4:43 | Build | Palisade Wall |
| 4:44 | Build | Palisade Wall |
| 4:44 | Build | Palisade Wall |
| 4:45 | Build | Palisade Wall |
| 5:09 | Build | Palisade Wall |
| 5:14 | Queue | Villager (Male) |
| 5:15 | Queue | Villager (Male) |
| 5:15 | Queue | Villager (Male) |
| 5:15 | Queue | Villager (Male) |
| 5:44 | Build | House |
| 5:45 | Build | Mill |
| 6:06 | Queue | Villager (Male) |
| 6:28 | Queue | Villager (Male) |
| 6:28 | Queue | Villager (Male) |
| 6:29 | Queue | Villager (Male) |
| 7:35 | Build | Mining Camp |
| 7:45 | Research | Feudal Age |
| 9:14 | Build | Mining Camp |
| 9:34 | Research | Loom |
| 9:55 | Age | Feudal Age |
| 9:57 | Build | House |
| 9:59 | Queue | Villager (Male) |
| 9:59 | Queue | Villager (Male) |
| 10:00 | Research | Double-Bit Axe |
| 10:07 | Build | Palisade Wall |
| 10:13 | Build | Palisade Wall |
| 10:36 | Build | Watch Tower |
| 10:51 | Queue | Villager (Male) |
| 10:51 | Queue | Villager (Male) |
| 10:51 | Queue | Villager (Male) |
| 11:21 | Build | Watch Tower |
| 11:56 | Build | Blacksmith |
| 12:26 | Queue | Villager (Male) |
| 12:26 | Queue | Villager (Male) |
| 12:26 | Queue | Villager (Male) |
| 12:40 | Research | Forging |
| 12:44 | Research | Fletching |
| 13:02 | Build | Market |
| 13:23 | Build | House |
| 13:41 | Queue | Villager (Male) |
| 13:57 | Build | Watch Tower |
| 14:09 | Queue | Villager (Male) |
| 14:09 | Queue | Villager (Male) |
| 14:09 | Queue | Villager (Male) |
| 14:42 | Build | Mining Camp |
| 15:26 | Build | Lumber Camp |
| 15:40 | Queue | Villager (Male) |
| 15:41 | Queue | Villager (Male) |
| 15:41 | Queue | Villager (Male) |
| 15:41 | Queue | Villager (Male) |
| 15:46 | Build | Palisade Wall |
| 15:47 | Build | Palisade Wall |
| 15:48 | Build | Palisade Wall |
Build order — TE MS MOE
74 actions detected in the replay
| 0:00 | Queue | Villager (Male) |
| 0:02 | Build | House |
| 0:02 | Build | House |
| 0:19 | Queue | Villager (Male) |
| 0:20 | Queue | Villager (Male) |
| 0:20 | Queue | Villager (Male) |
| 0:20 | Queue | Villager (Male) |
| 1:25 | Queue | Villager (Male) |
| 2:00 | Queue | Villager (Male) |
| 2:00 | Queue | Villager (Male) |
| 2:00 | Queue | Villager (Male) |
| 2:18 | Build | Lumber Camp |
| 2:24 | Queue | Villager (Male) |
| 3:15 | Queue | Villager (Male) |
| 3:15 | Queue | Villager (Male) |
| 3:26 | Queue | Villager (Male) |
| 3:52 | Build | House |
| 3:54 | Queue | Villager (Male) |
| 3:54 | Queue | Villager (Male) |
| 4:02 | Queue | Villager (Male) |
| 4:02 | Queue | Villager (Male) |
| 4:02 | Queue | Villager (Male) |
| 4:02 | Queue | Villager (Male) |
| 4:50 | Build | Mill |
| 5:07 | Research | Loom |
| 5:07 | Research | Loom |
| 6:13 | Research | Feudal Age |
| 6:13 | Research | Feudal Age |
| 6:48 | Build | House |
| 7:31 | Build | Mining Camp |
| 8:26 | Age | Feudal Age |
| 8:29 | Research | Town Watch |
| 8:31 | Build | Blacksmith |
| 8:36 | Build | Watch Tower |
| 8:42 | Queue | Villager (Male) |
| 9:02 | Queue | Villager (Male) |
| 9:16 | Research | Fletching |
| 9:40 | Build | House |
| 9:47 | Queue | Villager (Male) |
| 9:47 | Queue | Villager (Male) |
| 9:48 | Queue | Villager (Male) |
| 9:48 | Queue | Villager (Male) |
| 9:48 | Queue | Villager (Male) |
| 10:27 | Build | Watch Tower |
| 10:45 | Queue | Villager (Male) |
| 10:45 | Queue | Villager (Male) |
| 11:10 | Queue | Villager (Male) |
| 11:10 | Queue | Villager (Male) |
| 11:29 | Queue | Villager (Male) |
| 11:29 | Queue | Villager (Male) |
| 11:56 | Build | Mill |
| 12:07 | Queue | Villager (Male) |
| 12:07 | Queue | Villager (Male) |
| 12:07 | Queue | Villager (Male) |
| 12:39 | Queue | Villager (Male) |
| 12:40 | Build | House |
| 12:47 | Queue | Villager (Male) |
| 12:55 | Build | Mining Camp |
| 13:12 | Queue | Villager (Male) |
| 13:40 | Build | Watch Tower |
| 13:45 | Queue | Villager (Male) |
| 13:46 | Queue | Villager (Male) |
| 13:47 | Queue | Villager (Male) |
| 14:27 | Queue | Villager (Male) |
| 14:27 | Queue | Villager (Male) |
| 14:28 | Queue | Villager (Male) |
| 14:42 | Queue | Villager (Male) |
| 14:42 | Queue | Villager (Male) |
| 15:05 | Build | House |
| 15:18 | Build | Farm |
| 15:19 | Build | Farm |
| 15:21 | Queue | Villager (Male) |
| 15:38 | Queue | Villager (Male) |
| 15:56 | Queue | Villager (Male) |
Match timeline
| 3:53 | ram0ff · wall_segment Palisade Wall x1 |
| 3:56 | ram0ff · wall_segment Palisade Wall x1 |
| 3:59 | ram0ff · wall_segment Palisade Wall x1 |
| 4:40 | ram0ff · wall_segment Palisade Wall x1 |
| 4:41 | ram0ff · wall_segment Palisade Wall x1 |
| 4:42 | ram0ff · wall_segment Palisade Wall x1 |
| 4:42 | ram0ff · wall_segment Palisade Wall x1 |
| 4:43 | ram0ff · wall_segment Palisade Wall x1 |
| 4:44 | ram0ff · wall_segment Palisade Wall x1 |
| 4:44 | ram0ff · wall_segment Palisade Wall x1 |
| 4:45 | ram0ff · wall_segment Palisade Wall x1 |
| 5:09 | ram0ff · wall_segment Palisade Wall x1 |
| 8:26 | TE MS MOE · age_up feudal |
| 9:55 | ram0ff · age_up feudal |
| 10:07 | ram0ff · wall_segment Palisade Wall x6 |
| 10:13 | ram0ff · wall_segment Palisade Wall x3 |
| 13:30 | ram0ff · first_market_buy 100 stone |
| 13:45 | ram0ff · first_market_sell 100 food |
| 15:46 | ram0ff · wall_segment Palisade Wall x1 |
| 15:47 | ram0ff · wall_segment Palisade Wall x1 |
| 15:48 | ram0ff · wall_segment Palisade Wall x1 |
| 15:59 | ram0ff · resign |
[ AI ANALYSIS · 1 CREDIT ]
What really happened in this match?
Wolo.gg analyzes every decision: build order, eco, micro, common mistakes by bracket. Personalized analysis on WhatsApp or Discord in 30 seconds.
Civ guide
Bohemians
Perfil
Jugador #5358370